Map: Romanticide LE

Players

SpeCial - Winner!

  • Race: Terran Terran

Cham

  • Race: Zerg Zerg

Event: DreamHack SC2 Masters 2021 Fall

VOD

Have the link to the VOD?

Description

Time

  • Played on: July 31, 2021, 5:19 p.m.
  • Length: 17:16

All games in this series

Show
View Real Time Build Order
Export as new Build Order

SpeCial Terran - Winner!

Build Orders: Reaper Expand, Mech 

Get SALT Encoding   

  12  0:00  SCV  
  13  0:12  SCV  
  14  0:17  Supply Depot  
  14  0:24  SCV  
  15  0:38  SCV  
  15  0:40  Barracks  
  16  0:43  Refinery  
  16  0:50  SCV  
  17  1:02  SCV  
  18  1:15  SCV  
  19  1:26  Reaper  
  19  1:27  Orbital Command  
  20  1:38  Command Center  
  20  1:50  Supply Depot  
  20  1:53  SCV  
  21  1:58  Marine  
  22  2:05  SCV  
  23  2:13  Factory  
  23  2:17  SCV  
  23  2:22  Barracks Reactor  
  25  2:30  SCV  
  25  2:42  SCV  
  25  2:43  Command Center  
  26  2:50  Orbital Command  
  26  2:54  SCV  
  27  2:58  Starport  
  27  3:04  Orbital Command  
  27  3:05  Hellion  
  29  3:07  SCV  
  32  3:13  Hellion  
  32  3:14  Marine  
  33  3:20  Refinery  
  33  3:29  SCV  
  33  3:31  SCV  
  35  3:36  Hellion x2  
  35  3:37  Starport Tech Lab  
  35  3:39  Marine  
  40  3:41  SCV  
  40  3:43  SCV  
  42  3:53  Fusion Core  
  42  3:56  Orbital Command  
  42  3:58  SCV x2  
  42  4:01  Hellion  
  46  4:04  Hellion  
  48  4:12  SCV x2  
  48  4:13  Supply Depot  
  53  4:24  SCV x2  
  53  4:26  Hellion  
  53  4:27  Hellion  
  57  4:33  Orbital Command  
  57  4:36  SCV, Supply Depot  
  55  4:48  SCV  
  55  4:52  Battlecruiser  
  62  4:54  Hellion x2  
  62  4:55  SCV  
  63  5:00  SCV  
  63  5:03  SCV  
  58  5:08  SCV  
  58  5:09  Refinery x2  
  58  5:11  Supply Depot  
  58  5:12  SCV  
  60  5:16  Hellion x2  
  60  5:19  SCV  
  60  5:20  SCV  
  66  5:21  Weapon Refit  
  66  5:25  SCV  
  67  5:31  SCV  
  67  5:32  SCV  
  67  5:34  Supply Depot x2  
  69  5:37  SCV, Hellion  
  69  5:38  Hellion, Factory  
  74  5:43  SCV  
  74  5:44  SCV  
  74  5:47  Factory  
  74  5:49  SCV  
  77  5:55  SCV  
  77  5:56  SCV  
  79  5:57  Supply Depot  
  79  5:59  Hellion x2  
  79  6:01  SCV  
  84  6:07  SCV  
  84  6:08  SCV  
  84  6:13  Battlecruiser  
  84  6:16  SCV  
  89  6:19  SCV  
  89  6:20  SCV, Hellion x2  
  93  6:28  SCV  
  93  6:30  Factory Tech Lab x2  
  82  6:34  SCV x2  
  82  6:35  Refinery  
  82  6:36  Refinery  
  82  6:37  Command Center  
  82  6:38  Armory  
  82  6:39  Armory  
  84  6:42  Hellion  
  84  6:44  Engineering Bay  
  84  6:46  Supply Depot, Hellion  
  88  6:49  SCV x2  
  88  6:50  SCV  
  88  6:51  Cyclone  
  97  6:54  Cyclone  
  97  7:01  SCV  
  94  7:05  Hellion  
  94  7:07  SCV x2, Hellion  
  96  7:13  SCV  
  97  7:19  SCV  
  98  7:27  Widow Mine  
  98  7:28  Widow Mine  
  105  7:31  Hellion x2  
  105  7:32  SCV x3  
  105  7:33  Terran Vehicle Weapons Level 1, Terran Vehicle And Ship Armor Level 1  
  105  7:35  Missile Turret  
  105  7:36  Missile Turret x2  
  109  7:39  Battlecruiser  
  115  7:47  Supply Depot x2, Factory  
  115  7:48  Supply Depot  
  115  7:49  Factory  
  115  7:50  Hellion x2  
  119  7:55  Siege Tank  
  122  8:00  SCV  
  122  8:02  Siege Tank  
  126  8:09  SCV  
  127  8:14  SCV  
  128  8:25  SCV x2  
  128  8:26  SCV  
  131  8:27  Siege Tank  
  131  8:29  Hellion x2  
  136  8:34  Hellion  
  136  8:37  SCV  
  136  8:39  SCV x2, Planetary Fortress  
  136  8:40  Missile Turret  
  135  8:46  Factory Reactor, Factory Tech Lab  
  135  8:53  Refinery  
  135  8:54  Missile Turret  
  135  8:55  Cyclone  
  138  8:57  Refinery, Battlecruiser  
  138  8:59  Cyclone  
  145  9:07  Hellion, Command Center  
  145  9:08  Hellion  
  149  9:20  Siege Tank  
  148  9:29  Terran Vehicle Weapons Level 2, Hellion x2, Terran Vehicle And Ship Armor Level 2  
  152  9:32  Hellion x2  
  154  9:40  Siege Tank  
  154  9:42  Siege Tank  
  154  9:45  Command Center  
  153  9:52  Siege Tank  
  153  9:53  Sensor Tower  
  153  9:54  Hellion  
  153  9:55  Mag-Field Accelerator  
  153  9:58  Sensor Tower  
  155  10:08  Factory  
  155  10:09  Factory  
  155  10:16  Hellion  
  155  10:18  Hellion x2  
  155  10:19  Hellion  
  155  10:21  Siege Tank x2  
  163  10:33  Command Center  
  163  10:38  Command Center  
  163  10:39  Hellion  
  163  10:40  Infernal Pre-Igniter, Siege Tank  
  168  10:50  Supply Depot x2  
  168  10:53  Hellion  
  168  10:54  Supply Depot, Hellion x2, Factory Tech Lab  
  168  10:55  Supply Depot, Factory Tech Lab  
  174  10:57  Missile Turret  
  174  11:00  Planetary Fortress  
  174  11:01  Orbital Command  
  174  11:03  Siege Tank x2  
  178  11:05  Hellion  
  174  11:12  Siege Tank  
  174  11:14  Command Center  
  174  11:15  Hellion  
  174  11:16  Siege Tank x2  
  185  11:31  Hellion  
  185  11:32  Refinery, Hellion x2  
  191  11:33  Command Center  
  191  11:34  Refinery  
  191  11:35  Siege Tank  
  191  11:38  Cyclone  
  197  11:44  Cyclone  
  199  12:01  Hellion  
  141  12:23  Siege Tank, Hellion x2  
  141  12:24  Siege Tank, Cyclone  
  141  12:26  Cyclone  
  141  12:27  Hellion  
  151  12:36  Hellion x2  
  155  12:38  Orbital Command x2  
  155  12:41  Terran Vehicle Weapons Level 3  
  155  12:42  Terran Vehicle And Ship Armor Level 3  
  155  12:44  Hellion  
  155  12:49  Hellion x2  
  161  12:55  Siege Tank  
  161  12:56  Hellion  
  162  13:01  Planetary Fortress  
  162  13:04  Missile Turret  
  166  13:05  Siege Tank x2, Hellion x2  
  176  13:20  Siege Tank, Hellion x3  
  176  13:27  Cyclone  
  183  13:28  Cyclone  
  183  13:32  Missile Turret  
  179  13:34  Sensor Tower  
  179  13:36  SCV x3  
  179  13:40  Hellion x3  
  187  13:42  Planetary Fortress  
  187  13:45  Hellion  
  189  13:52  Siege Tank, Battlecruiser  
  189  13:54  Hellion  
  200  14:06  Hellion  
  200  14:09  Hellion  
  187  14:15  Hellion, Cyclone  
  161  14:24  Hellion, Cyclone  
  161  14:25  Hellion x2, Cyclone  
  166  14:39  Hellion  
  168  14:46  Cyclone  
  168  14:51  Hellion  
  171  14:56  Battlecruiser  
  168  15:06  Hellion x2, Siege Tank  
  152  15:10  Hellion  
  146  15:17  SCV x2  
  148  15:22  Siege Tank x2, Hellion x2  
  148  15:23  Cyclone  
  163  15:39  Hellion  
  163  15:42  Command Center  
  163  15:43  Command Center  
  163  15:46  Siege Tank, Hellion  
  168  15:58  Hellion x2  
  168  16:00  Battlecruiser  
  168  16:03  Hellion  
  180  16:07  Hellion x2  
  178  16:13  Siege Tank x2  
  178  16:15  Hellion  
  186  16:21  Hellion, Siege Tank  
  191  16:28  Cyclone  
  191  16:29  Hellion  
  196  16:34  Unknown  
  190  16:54  Hellion x3  
Show
View Real Time Build Order
Export as new Build Order

Cham Zerg 

Build Orders: Pool First 

Get SALT Encoding   

  12  0:00  Drone  
  13  0:07  Drone  
  14  0:16  Overlord  
  14  0:34  Drone x2  
  16  0:39  Extractor  
  15  0:44  Spawning Pool  
  14  0:52  Drone x2  
  16  0:57  Drone  
  17  1:16  Hatchery  
  16  1:31  Zergling x4  
  18  1:39  Metabolic Boost  
  18  1:43  Queen  
  20  1:51  Overlord  
  20  1:54  Drone  
  21  2:08  Zergling x2  
  21  2:11  Zergling x2  
  23  2:18  Drone  
  23  2:19  Queen  
  26  2:25  Drone  
  26  2:27  Drone  
  28  2:37  Zergling x2  
  29  2:42  Hatchery  
  28  2:44  Drone  
  28  2:47  Drone  
  28  2:50  Drone  
  31  2:52  Drone  
  32  3:00  Drone x3  
  35  3:08  Drone  
  36  3:15  Overlord  
  36  3:31  Overlord  
  36  3:32  Queen x2  
  40  3:35  Drone x4  
  40  3:41  Overlord  
  44  3:49  Overlord  
  44  3:50  Baneling Nest, Drone  
  44  3:53  Drone x2  
  46  4:01  Drone x4  
  50  4:04  Drone  
  50  4:06  Drone  
  50  4:09  Drone x2  
  54  4:16  Spore Crawler  
  53  4:17  Queen  
  55  4:24  Drone x5  
  55  4:28  Overlord  
  55  4:29  Drone  
  61  4:35  Drone x4  
  65  4:39  Queen  
  65  4:43  Zergling x4  
  65  4:44  Drone  
  68  4:48  Zergling x6  
  68  4:49  Zergling x2  
  68  4:52  Zergling x2  
  70  4:59  Evolution Chamber  
  68  5:04  Drone  
  68  5:05  Drone x4  
  68  5:07  Lair  
  68  5:09  Drone  
  68  5:11  Drone x3  
  72  5:14  Drone x2  
  72  5:19  Drone  
  75  5:22  Extractor, Drone x2  
  75  5:23  Extractor  
  75  5:24  Drone, Evolution Chamber x2  
  72  5:30  Drone x3  
  72  5:35  Drone x2  
  77  5:37  Extractor x2  
  77  5:39  Hatchery  
  74  5:44  Drone  
  74  5:45  Drone x5  
  80  5:54  Zerg Ground Armor Level 1  
  80  5:55  Zerg Melee Weapons Level 1  
  80  5:57  Zergling x2  
  81  5:58  Overlord  
  81  5:59  Overlord x2  
  81  6:03  Spore Crawler  
  67  6:11  Spore Crawler, Zergling x2  
  67  6:12  Zergling x10  
  67  6:13  Zergling x2  
  71  6:19  Zergling x4  
  71  6:21  Drone  
  71  6:22  Drone x3  
  71  6:23  Drone  
  71  6:24  Drone  
  74  6:33  Drone x3  
  74  6:37  Drone  
  78  6:43  Spire  
  77  6:47  Drone  
  77  7:01  Drone x6  
  76  7:05  Spore Crawler, Drone  
  76  7:06  Extractor, Drone x2  
  78  7:11  Drone  
  79  7:16  Zergling x4  
  79  7:17  Zergling x2, Roach Warren  
  81  7:23  Zergling x2  
  81  7:24  Zergling x4  
  81  7:29  Drone  
  85  7:30  Drone x2, Overlord  
  85  7:31  Drone  
  85  7:36  Drone  
  89  7:38  Drone  
  89  7:39  Drone x2  
  89  7:40  Drone x5  
  89  7:42  Overlord  
  97  7:45  Overlord  
  97  7:54  Overlord  
  97  7:55  Corruptor x5  
  107  8:01  Corruptor x3  
  107  8:05  Corruptor  
  113  8:11  Corruptor x2  
  119  8:16  Roach x3  
  119  8:19  Roach x2  
  124  8:34  Drone x7, Roach x2  
  120  8:37  Drone  
  123  8:43  Drone x2  
  123  8:44  Drone x2  
  127  8:50  Zerg Missile Weapons Level 1, Zerg Ground Armor Level 2  
  127  8:51  Zerg Flyer Weapons Level 1, Glial Reconstitution  
  127  8:53  Drone x3  
  127  8:54  Drone  
  131  8:59  Extractor  
  131  9:00  Extractor  
  129  9:04  Roach x3  
  129  9:07  Overlord  
  129  9:08  Overlord x2  
  135  9:11  Overlord  
  135  9:14  Ravager  
  136  9:17  Overlord  
  136  9:18  Hatchery  
  136  9:19  Overlord  
  135  9:25  Evolution Chamber  
  135  9:28  Evolution Chamber  
  130  9:40  Drone x3  
  130  9:41  Drone x3  
  130  9:42  Drone x3  
  137  9:49  Roach x5  
  147  9:52  Overlord  
  147  9:53  Roach x2  
  147  9:55  Roach  
  147  9:59  Spine Crawler  
  152  10:00  Spine Crawler  
  152  10:01  Drone x4  
  152  10:04  Ravager x6  
  152  10:05  Ravager  
  152  10:06  Roach x2  
  153  10:23  Drone x3  
  153  10:24  Drone  
  153  10:25  Drone x2  
  153  10:26  Drone  
  153  10:27  Drone x4  
  161  10:35  Drone x2  
  159  10:36  Drone  
  160  10:43  Drone  
  160  10:44  Infestation Pit  
  160  10:46  Zerg Flyer Armor Level 1  
  160  10:47  Zerg Melee Weapons Level 2, Drone  
  160  10:49  Evolution Chamber, Roach  
  164  10:50  Zergling x12, Roach  
  164  10:51  Overlord x2  
  164  10:54  Zergling x8  
  164  10:55  Overseer  
  174  11:00  Overlord  
  174  11:01  Zergling x2  
  175  11:06  Zerg Missile Weapons Level 2  
  175  11:12  Zergling x10  
  175  11:18  Zergling x14, Centrifical Hooks  
  187  11:20  Ravager x4  
  187  11:21  Baneling x8  
  187  11:22  Baneling  
  187  11:25  Hive  
  191  11:32  Extractor  
  190  11:34  Zergling x18  
  190  11:37  Extractor  
  195  11:57  Corruptor x2  
  195  11:59  Zergling x2  
  200  12:02  Baneling x7  
  142  12:19  Roach x10  
  142  12:20  Zergling x14, Roach x3  
  142  12:31  Ravager x2, Zergling x2  
  142  12:32  Zergling x8  
  149  12:38  Drone x3  
  149  12:40  Drone  
  149  12:42  Ravager x8  
  149  12:43  Ravager x5  
  149  12:44  Zergling x8  
  169  12:55  Viper x2  
  168  12:58  Zergling x2  
  168  12:59  Zergling x4  
  168  13:02  Zergling x2  
  172  13:07  Drone x2  
  172  13:08  Drone x6  
  172  13:09  Zergling x4  
  172  13:11  Baneling x12  
  182  13:18  Zergling x8  
  186  13:28  Zergling x18  
  191  13:37  Corruptor  
  191  13:38  Corruptor  
  191  13:39  Zergling x2  
  191  13:40  Zergling x6  
  192  13:45  Zerg Ground Armor Level 3, Zerg Missile Weapons Level 3, Zerg Melee Weapons Level 3  
  192  13:47  Zergling x4  
  194  13:50  Baneling  
  194  13:51  Baneling x6  
  194  13:52  Zergling x8  
  198  14:05  Hatchery  
  145  14:18  Roach  
  145  14:19  Roach x12  
  145  14:21  Baneling x5  
  145  14:22  Roach  
  169  14:25  Corruptor x2  
  173  14:35  Roach  
  173  14:36  Roach x4  
  180  14:42  Zergling x2, Roach x2  
  180  14:44  Ravager  
  180  14:45  Ravager x4  
  184  14:49  Zergling x4  
  145  15:11  Viper x2  
  148  15:16  Zergling x24, Roach x2  
  148  15:17  Ravager x5  
  148  15:18  Ravager x4  
  148  15:21  Zergling x2  
  174  15:28  Zergling x2  
  174  15:29  Zergling x8  
  174  15:31  Baneling x6  
  174  15:35  Zergling x2  
  180  15:37  Hatchery  
  180  15:42  Zergling x8  
  183  15:44  Baneling  
  183  15:45  Baneling x8  
  183  15:47  Zergling x2  
  183  15:57  Baneling  
  183  15:58  Baneling x7  
  182  16:10  Zergling x10, Roach x3  
  182  16:11  Zergling x8  
  197  16:16  Zergling x4  
  199  16:32  Spore Crawler x2  
  197  16:33  Corruptor  
  199  16:41  Baneling  
  199  16:42  Baneling x5  

Tags
 
Add a new tag
Caveats
  • Supply blocks, unpowered buildings, or Contaminate may cause inaccurate times.
  • Supply counts are checked every 10 seconds.